 Dungeon Crawl Stone Soup version 0.27.0-1-g7a089689b8 (webtiles) character file.

Game seed: 9458637061538000760

47 bnorton916 the Conjurer (level 3, -5/19 HPs)
             Began as a Deep Elf Conjurer on Aug 4, 2021.
             Shot with an arrow by a centaur (14 damage)
             ... on level 3 of the Dungeon.
             The game lasted 00:02:25 (2167 turns).

bnorton916 the Conjurer (Deep Elf Conjurer)         Turns: 2167, Time: 00:02:26

Health: -5/19      AC:  5    Str:  4    XL:     3   Next: 48%
Magic:  9/10       EV: 12    Int: 23    God:
Gold:   61         SH:  0    Dex: 13    Spells: 7/10 levels left

rFire    . . .     SeeInvis .   (no weapon)
rCold    + . .     Faith    .   (no shield)
rNeg     . . .     Spirit   .   a - +0 robe
rPois    .         Reflect  .   (no helmet)
rElec    .         Harm     .   (no cloak)
rCorr    .         Rampage  .   m - +2 pair of gloves
Will     .....                  (no boots)
Stlth    ++........             (no amulet)
HPRegen  0.06/turn              b - ring of protection from cold
MPRegen  0.12/turn              (no ring)

@: no status effects
A: no striking features
a: no special abilities


You were on level 3 of the Dungeon.
You visited 1 branch of the dungeon, and saw 3 of its levels.

You collected 61 gold pieces.

Inventory:

Missiles
 f - 59 stones
Armour
 a - a +0 robe (worn)
 m - a +2 pair of gloves (worn)
Jewellery
 b - a ring of protection from cold (left hand)
 h - a ring of wizardry
Scrolls
 c - a scroll of fog {unknown}
 e - a scroll of magic mapping {unknown}
 g - 4 scrolls of holy word {unknown}
 i - a scroll of vulnerability {unknown}
 j - a scroll of amnesia {unknown}
 l - a scroll of brand weapon {unknown}
Potions
 d - a potion of haste {unknown}
 k - a potion of brilliance {unknown}


   Skills:
 - Level 2.4 Dodging
 - Level 2.4 Stealth
 + Level 4.3 Spellcasting
 + Level 5.1 Conjurations


You had 7 spell levels left.
You knew the following spells:

 Your Spells              Type           Power      Damage    Failure   Level
a - Magic Dart            Conj           100%       1d8       1%          1
b - Searing Ray           Conj           56%        3d5       1%          2

Your spell library contained the following spells:

 Spells                   Type           Power      Damage    Failure   Level
 Animate Skeleton         Necr           10%        N/A       10%         1
 Pain                     Necr           20%        1d5       10%         1
 Dazzling Flash           Conj/Hex       32%        N/A       11%         3
 Vampiric Draining        Necr           2%         2d6       30%         3
 Fulminant Prism          Conj/Hex       8%         3d7       34%         4
 Iskenderun's Mystic Bla  Conj/Tloc      16%        2d5       34%         4


Dungeon Overview and Level Annotations

Branches:
Dungeon (3/15)

Altars:

Shops:
D:2 (


Message History

There is an open door here.
There is an escape hatch in the floor here.
There is an open door here.
There is an open door here.
There is a stone staircase leading down here.
You climb downwards.
There is a stone staircase leading up here.
A kobold comes into view. It is wielding a +0 club.
Casting: Magic Dart (safe; 1% risk of failure)
Confirm with . or Enter, or press ? or * to list all spells.
Aiming: Magic Dart (safe; 1% risk of failure)
Press: ? - help, Shift-Dir - straight line, f - kobold
Aim: a kobold, wielding a +0 club and quivering stones (asleep, 100% to hit)
The magic dart hits the kobold!
You kill the kobold!
Casting: Magic Dart (safe; 1% risk of failure)
Confirm with . or Enter, or press ? or * to list all spells.
You can't see any susceptible monsters within range! (Use Z to cast anyway.)
Casting: Magic Dart (safe; 1% risk of failure)
Confirm with . or Enter, or press ? or * to list all spells.
You can't see any susceptible monsters within range! (Use Z to cast anyway.)
Casting: Magic Dart (safe; 1% risk of failure)
Confirm with . or Enter, or press ? or * to list all spells.
You can't see any susceptible monsters within range! (Use Z to cast anyway.) Magic restored.
A centaur comes into view.
Casting: Magic Dart (safe; 1% risk of failure)
Confirm with . or Enter, or press ? or * to list all spells.
Aiming: Magic Dart (safe; 1% risk of failure)
Press: ? - help, Shift-Dir - straight line, f - centaur
Aim: a centaur, quivering arrows (wandering, hasn't noticed you, 100% to hit)
The magic dart hits the centaur.
The centaur is lightly wounded.
The centaur wields a +0 shortbow.
The centaur shoots an arrow.
The arrow hits you!
Ouch! That really hurt!
The centaur shoots an arrow.
The arrow completely misses you.
The centaur shoots an arrow.
The arrow hits you!
Ouch! That really hurt!
You die...

# #. #.♣ #..♣ ♣♣♣♣♣
####... #.#<######.#
......)###@.........#
#...........######
#...........#
#...........#
#........####
.c..####.## ..#.. #.#
...#.. ... .. #..
#.#.


You could see a centaur.

Vanquished Creatures
  A dart slug (D:1)
  5 endoplasms
  3 giant cockroaches
  7 goblins
  5 hobgoblins
  A quokka (D:1)
  2 ball pythons (D:1)
  3 bats
  3 frilled lizards
  4 kobolds
  7 rats
41 creatures vanquished.

Notes
Turn   | Place    | Note
-------+----------+-------------------------------------------
     0 | D:1      | bnorton916 the Deep Elf Conjurer began the quest for the
                  | Orb.
     0 | D:1      | Reached XP level 1. HP: 10/10 MP: 6/6
   201 | D:1      | Found a faded altar of an unknown god.
   384 | D:1      | Reached XP level 2. HP: 15/15 MP: 6/8
  1002 | D:1      | Reached skill level 5 in Conjurations
  1002 | D:1      | Reached XP level 3. HP: 19/19 MP: 8/10
  1005 | D:1      | Learned a level 2 spell: Searing Ray
  1347 | D:2      | Found Aqafav's Antique Weapon Shop.
  2163 | D:3      | Noticed a centaur
  2167 | D:3      | Shot with an arrow by a centaur

Illustrated notes

Levels and vault maps discovered:
D:1:      dpeg_arrival_windows_large_door, layout_loops_ring,
          ebering_ecumenical_altar_box
D:2:      layout_loops_corners, serial_shops,
          nicolae_shop_temple_entry_statues_fountains, st_stairs_12
D:3:      layout_basic, minitemple, mainiacjoe_overflow_paths,
          old_standard_altar, uniq_grinder

Skill      XL: |  1  2 |
---------------+-------+-----
Spellcasting   | 4 |  4.3
Conjurations   | 5 |  5.1
Dodging        | |  2.4
Stealth        | |  2.4

Action                   || total
-------------------------++-------
 Cast: Magic Dart        ||    81
Dodge: Dodged            ||     6
